Map: Frozen Temple

Players

Rycerj

  • Race: Terran Terran
  • League: Platinum

Killa

  • Race: Terran Terran
  • League: Diamond

dragon

  • Race: Terran Terran
  • League: Gold

Cole

  • Race: Terran Terran
  • League: Platinum

VOD

Have the link to the VOD?

Description

Time

  • Played on: April 14, 2016, 10:07 p.m.
  • Length: 8:19
Show
View Real Time Build Order
Export as new Build Order

Rycerj Terran 

Build Orders:  

Get SALT Encoding   

  12  0:01  SCV  
  13  0:13  SCV  
  14  0:19  Supply Depot  
  14  0:25  SCV  
  15  0:40  SCV  
  15  0:42  Barracks  
  16  0:47  Refinery  
  16  0:52  SCV  
  17  1:04  SCV  
  18  1:16  SCV  
  19  1:29  SCV  
  19  1:30  Reaper  
  21  1:39  Command Center  
  21  1:43  SCV  
  22  1:56  Barracks  
  22  2:01  Bunker  
  22  2:03  Orbital Command  
  22  2:05  Supply Depot  
  22  2:07  Supply Depot, Marine  
  22  2:18  Factory  
  22  2:25  Marine  
  22  2:29  Bunker  
  23  2:38  SCV  
  23  2:43  Marine  
  25  2:44  Reaper  
  25  2:50  SCV, Refinery  
  27  3:01  Marine  
  27  3:10  SCV  
  27  3:11  Factory Tech Lab  
  27  3:16  Marine  
  27  3:19  Marine  
  29  3:22  Engineering Bay, SCV, Supply Depot  
  29  3:34  Marine  
  29  3:37  Marine  
  31  3:44  Siege Tank  
  34  3:52  Reaper  
  34  3:54  Marine, Supply Depot  
  28  4:12  Marine  
  28  4:16  Siege Tank  
  22  4:24  Marine  
  22  4:30  SCV, Marine  
  18  4:50  Marine  
  18  4:53  SCV  
  18  4:58  Marine  
  20  5:05  SCV  
  21  5:17  SCV  
  22  5:29  SCV  
  23  5:35  Command Center  
  23  5:42  SCV  
  24  5:47  Barracks Reactor  
  24  6:00  SCV, Starport  
  25  6:12  SCV  
  26  6:23  Marine x2  
  26  6:24  SCV  
  29  6:30  Factory Tech Lab  
  30  6:34  Marauder  
  30  6:36  SCV  
  32  6:48  SCV  
  32  6:50  Medivac  
  35  6:56  Marine x2  
  35  6:59  Marauder  
  35  7:00  SCV  
  39  7:10  Orbital Command  
  38  7:37  SCV  
  38  7:38  SCV  
  40  7:44  Marine  
  40  7:50  SCV  
  42  7:53  Marine  
Show
View Real Time Build Order
Export as new Build Order

Killa Terran 

Build Orders:  

Get SALT Encoding   

  12  0:01  SCV  
  13  0:13  SCV  
  14  0:19  Supply Depot  
  14  0:25  Refinery  
  14  0:29  SCV  
  15  0:45  Barracks  
  15  0:48  SCV  
  16  0:57  Supply Depot  
  16  1:02  SCV  
  17  1:15  Barracks  
  17  1:20  SCV  
  18  1:36  Barracks  
  18  1:53  Reaper  
  19  1:57  Refinery  
  19  1:58  SCV  
  20  2:04  Reaper  
  21  2:12  Orbital Command  
  21  2:26  Reaper  
  22  2:35  Reaper  
  23  2:38  Reaper  
  24  2:59  Reaper, Command Center  
  24  3:02  SCV  
  26  3:06  Supply Depot  
  26  3:10  Reaper  
  27  3:14  Reaper  
  28  3:22  SCV  
  29  3:32  Supply Depot  
  29  3:38  Factory  
  29  3:44  Reaper  
  30  3:57  Barracks Tech Lab  
  30  3:59  Barracks Reactor  
  29  4:03  SCV  
  29  4:08  Supply Depot  
  28  4:26  Orbital Command  
  25  4:38  Marine x2  
  25  4:39  Starport  
  25  4:42  Barracks Tech Lab  
  25  4:44  Barracks Reactor  
  24  4:53  Siege Tank  
  24  4:57  SCV x2  
  29  5:03  Supply Depot  
  29  5:09  SCV x2  
  31  5:21  SCV, Liberator  
  31  5:22  SCV  
  33  5:31  Refinery  
  33  5:33  SCV, Refinery  
  33  5:34  SCV, Stimpack  
  38  5:45  Supply Depot  
  38  5:46  SCV  
  38  5:48  Barracks Reactor  
  39  5:55  Marine x2  
  39  5:56  Marauder  
  43  5:57  SCV  
  43  5:58  SCV  
  45  6:09  SCV, Siege Tank  
  45  6:10  SCV  
  50  6:22  SCV x2  
  50  6:23  Barracks  
  52  6:28  Medivac x2  
  52  6:32  Marine x3  
  58  6:33  Marine  
  58  6:34  SCV x2, Marauder  
  64  6:40  Engineering Bay  
  64  6:45  Engineering Bay  
  64  6:46  SCV  
  65  6:50  SCV  
  66  6:58  SCV, Marine x2  
  66  6:59  Marine x2, Marauder  
  73  7:07  SCV  
  74  7:10  SCV  
  75  7:28  Siege Tank  
  75  7:29  Marine x2  
  82  7:30  Marine x2, Marauder  
  82  7:34  Supply Depot x2  
  84  7:37  Barracks Reactor  
  84  7:49  Command Center  
  84  7:54  Marine x2  
  84  7:55  Marine x2  
  84  7:56  Marauder  
  90  7:59  Supply Depot  
  90  8:03  Supply Depot  
Show
View Real Time Build Order
Export as new Build Order

dragon Terran 

Build Orders:  

Get SALT Encoding   

Show
View Real Time Build Order
Export as new Build Order

Cole Terran 

Build Orders:  

Get SALT Encoding   

Tags
 
Add a new tag
Caveats
  • Supply blocks, unpowered buildings, or Contaminate may cause inaccurate times.
  • Supply counts are checked every 10 seconds.